 Dungeon Crawl Stone Soup version 0.26-a0-40-gfe7b5d5a6f (webtiles) character file.

Game seed: 12150012011118351965, levelgen mode: deterministic

57446 Debik the Earth Mage (level 14, 0/87 HPs)
             Began as a Gargoyle Earth Elementalist on May 31, 2020.
             Was a High Priest of Vehumet.
             Shot with a bolt by an orc knight (21 damage)
             ... on level 2 of the Orcish Mines.
             The game lasted 01:24:00 (25072 turns).

Debik the Earth Mage (Gargoyle Earth Elementalist) Turns: 25072, Time: 01:24:01

Health: 0/87       AC: 17    Str: 12    XL:     14   Next: 86%
Magic:  9/41       EV: 13    Int: 21    God:    Vehumet [*****.]
Gold:   2457       SH:  9    Dex: 10    Spells: 10/41 levels left

rFire    + + .     SeeInvis .   I - staff of earth
rCold    + . .     Gourm    .   n - +0 buckler
rNeg     + . .     Faith    .   y - +1 robe {rF+}
rPois    ∞         Spirit   .   o - +2 helmet
rElec    +         Reflect  +   P - scarf {rC+ rF+}
rCorr    .         Harm     .   (no gloves)
MR       ++...                  A - +0 pair of boots
Stlth    +++.......             N - amulet of reflection
HPRegen  0.24/turn              F - ring of protection from magic
MPRegen  0.27/turn              r - ring of magical power

@: flying, very slightly contaminated
A: big wings, negative energy resistance 1, electricity resistance, unbreathing,
petrification resistance, rot immunity, AC +10
a: Stop Flying, Renounce Religion


You were on level 2 of the Orcish Mines.
You worshipped Vehumet.
Vehumet was extremely pleased with you.
You were very hungry.

You visited 3 branches of the dungeon, and saw 18 of its levels.
You also visited: Bailey.

You collected 2617 gold pieces.
You spent 160 gold pieces at shops.

Inventory:

Hand Weapons
 K - the +9 broad axe of the Shoals {drain, MR+ Str+2}
   (You took it off an orc warrior on level 6 of the Dungeon)

   A truly terrible weapon, it drains the life of those it strikes.
   It affects your strength (+2).
   It affects your resistance to hostile enchantments.
Missiles
 b - 116 stones (quivered)
 w - 2 throwing nets
Armour
 n - a +0 buckler (worn)
 o - a +2 helmet (worn)
 y - a +1 robe of fire resistance (worn)
 A - a +0 pair of boots (worn)
 P - a scarf of resistance (worn)
Magical Staves
 I - an uncursed staff of earth (weapon)
Jewellery
 g - an uncursed ring of protection from fire
 l - an uncursed ring of fire
 r - a ring of magical power (right hand)
 t - an uncursed ring of resist corrosion
 z - a +4 ring of protection
 E - an uncursed ring of positive energy
 F - a ring of protection from magic (left hand)
 M - an uncursed ring of ice
 N - an amulet of reflection (around neck)
Wands
 f - a wand of random effects (17)
 i - a wand of paralysis (9)
 k - a wand of acid (16)
 q - a wand of iceblast (3)
 H - a wand of flame (5)
 O - a wand of polymorph (20)
Scrolls
 a - 2 scrolls of enchant weapon
 c - a scroll of fear
 e - 8 scrolls of remove curse
 v - 2 scrolls of enchant armour
 B - a scroll of fog
 G - 3 scrolls of teleportation
 J - a scroll of amnesia
Potions
 j - a potion of ambrosia
 m - a potion of brilliance
 p - 4 potions of curing
 s - 2 potions of haste
 x - a potion of cancellation
 C - 2 potions of resistance
 D - a potion of magic {unknown}
 Q - a potion of invisibility
Comestibles
 d - 33 rations


   Skills:
 * Level 9.7 Fighting
   Level 2.3 Short Blades
 + Level 0.4 Axes
 + Level 1.7 Staves
   Level 4.8 Bows
 + Level 4.2 Dodging
 + Level 4.6 Stealth
 + Level 2.2 Shields
 + Level 14.2 Spellcasting
 + Level 5.7 Conjurations
 + Level 2.2 Necromancy
 + Level 1.2 Transmutations
 + Level 17.0 Earth Magic


You had 10 spell levels left.
You knew the following spells:

 Your Spells              Type           Power        Failure   Level  Hunger
a - Sandblast             Erth           ######       0%          1    None
c - Borgnjor's Vile Clut  Necr/Erth      ######....   2%          5    ###....
d - Lee's Rapid Deconstr  Erth           #######...   1%          5    ###....
e - Stone Arrow           Conj/Erth      ######       1%          3    None
r - Iron Shot             Conj/Erth      #######...   2%          6    #####..
x - Freezing Cloud        Conj/Ice/Air   ###.......   63%         6    #####..
z - Irradiate             Conj/Tmut      ####......   10%         5    ###....

Your spell library contained the following spells:

 Spells                   Type           Power        Failure   Level  Hunger
 Bolt of Magma            Conj/Fire/Erth ######....   1%          5    ###....
 Animate Skeleton         Necr           N/A          1%          1    None
 Pain                     Necr           ###.         1%          1    None
 Passwall                 Tmut/Erth      ######..     1%          2    None
 Conjure Flame            Conj/Fire      ####....     1%          3    None
 Mephitic Cloud           Conj/Pois/Air  ###.....     1%          3    None
 Leda's Liquefaction      Hex/Erth       ######....   1%          4    None
 Petrify                  Tmut/Erth      ######..     1%          4    None
 Inner Flame              Hex/Fire       ##......     4%          3    None
 Corona                   Hex            ##.....      5%          1    None
 Vampiric Draining        Necr           ###.......   6%          3    None
 Poisonous Vapours        Pois/Air       ##....       8%          2    None
 Slow                     Hex            ##......     8%          2    None
 Confusing Touch          Hex            ##......     16%         3    None
 Gell's Gravitas          Tloc           ##........   16%         3    None
 Portal Projectile        Hex/Tloc       ##....       16%         3    None
 Recall                   Summ/Tloc      N/A          16%         3    None
 Animate Dead             Necr           N/A          21%         4    None
 Yara's Violent Unravell  Hex/Tmut       ###.......   28%         5    ###....
 Cause Fear               Hex            ##........   45%         4    None
 Agony                    Necr           ###.....     50%         5    ###....
 Metabolic Englaciation   Hex/Ice        ##........   82%         5    ###....
 Silence                  Hex/Air        ##........   82%         5    ###....
 Death Channel            Necr           ###.......   97%         6    #####..
 Simulacrum               Ice/Necr       ###.......   99%         6    #####..
 Ring of Flames           Chrm/Fire      ##........   100%        7    ######.
 Discord                  Hex            ##........   100%        8    #######


Dungeon Overview and Level Annotations

Branches:
Dungeon (10/15)            Temple (0/1) D:7            Lair (6/6) D:8
 Shoals (0/4) Lair:3        Snake (0/4) Lair:2        Slime (0/5) Lair:6
    Orc (2/2) D:10            Elf (0/3) Orc:2        Bailey (visited)

Altars:
Fedhas
Hepliaklqana
Kikubaaqudgha
Makhleb
Okawaru
Qazlal
Sif Muna
Trog
Vehumet
Zin
The Shining One
Beogh
Jiyva

Shops:
D:6 (   D:10 [   Orc:1 [

Annotations:
Lair:3 3 runed translucent doors, Uvul's ghost, journeyman OgWz
Orc:2 3 runed translucent doors, PirateVox's ghost, journeyman OgBe


Innate Abilities, Weirdness & Mutations

You are resistant to torment.
Your stone body is resilient. (AC +10)
You are immune to poison.
Your large and strong wings let you fly indefinitely.
You resist negative energy. (rN+)
You are resistant to electric shocks. (rElec)
You can survive without breathing.
You are immune to petrification.
You are immune to rotting.


Message History

You are very lightly contaminated with residual magic.
You are blasted with sand.
Okay, then.
The orc knight shoots a bolt.
The bolt hits you but does no damage.
You see here a +0 flail.
The orc knight no longer looks unusually strong.
Things that are here:
a +0 scale mail; a +0 falchion
Things that are here:
a +0 whip; a +0 plate armour; a +0 dire flail The orc knight roars a battlecry!
The orc knight goes into a battle-frenzy!
There is a stone staircase leading up here.
The orc priest no longer looks unusually strong.
The orc knight no longer looks unusually strong.
The orc priest casts a cantrip, but nothing happens.
The orc knight hits you with a +0 long sword!!
* * * LOW HITPOINT WARNING * * *
The orc knight shoots a bolt.
The bolt hits you!!
You die...

#...##......[[....#.#..
#...#.......[.......#..
#..........[o..........
#......................
##.......o.............
#........).)...........
##.....................
#.....o[.....>.........
#.....@................
#......................
#......................
##................)....
#....##...............
#.........#...........
##..<.................
#....................#
#....#..#..#..........


You could see 2 orc knights and an orc priest.

Vanquished Creatures
  A stone giant (Orc:1)
  Nessos (Lair:5)
  An ettin (Orc:1)
  Snorg (Lair:6)
  The ghost of
  1994 the Fighter, a journeyman DrTm of Makhleb (D:10)
  2 hydras (Lair:6)
  An ice dragon (Lair:6)
  A catoblepas (Lair:6)
  4 two-headed ogres
  5 orc high priests
  2 lindwurms (Lair:6)
  6 orc knights
  4 elephants (Lair:5)
  The ghost of magipi the Chucker, a novice GrHu of Okawaru (D:6)
  A cyclops (Orc:2)
  Maurice (D:8)
  6 black mambas
  11 spiny frogs
  5 torpor snails (Lair:6)
  A gargoyle (D:10)
  5 komodo dragons
  A meliai (D:10)
  A queen bee (D:10)
  3 tyrant leeches (Lair:6)
  10 polar bears
  Prince Ribbit (D:7)
  2 trolls
  6 hornets (Lair:6)
  13 blink frogs (Lair:6)
  3 hippogriffs
  A wyvern (Lair:5)
  3 basilisks
  4 hogs (D:8)
  19 yaks
  A human (D:8)
  7 wargs
  4 nagas (Lair:2)
  Edmund (D:5)
  Menkaure (D:7)
  11 water moccasins
  8 porcupines
  15 hell hounds (Lair:6)
  39 orc warriors
  3 sky beasts
  12 black bears
  2 phantoms
  3 eyes of draining (D:4)
  4 ice beasts
  16 wolves (Lair:6)
  A necrophage (D:10)
  8 centaurs
  10 ogres
  8 crocodiles
  2 big kobolds (D:8)
  17 bullfrogs
  A gnoll sergeant (D:5)
  A water moccasin zombie (D:6)
  A wyvern zombie (D:9)
  4 scorpions
  11 killer bees
  2 electric eels (Lair:1)
  6 howler monkeys
  A quasit (D:9)
  4 crimson imps
  9 hounds
  A bullfrog zombie (D:6)
  2 jellies
  Crazy Yiuf (D:6)
  28 orc priests
  16 orc wizards
  3 centaur skeletons
  2 iguanas
  10 worker ants
  A killer bee zombie (D:6)
  A hound zombie (D:7)
  4 hound skeletons
  9 gnolls
  8 adders
  An adder zombie (D:4)
  2 adder skeletons
  3 worms
  9 dart slugs
  3 leopard geckos
  103 orcs
  3 ball pythons
  5 giant cockroaches
  7 goblins
  7 hobgoblins
  4 jackals (D:6)
  4 quokkas
  6 bats
  5 frilled lizards
  17 kobolds
  3 leopard gecko skeletons
  A leopard gecko zombie (D:5)
  A quokka skeleton (D:8)
  12 rats
  A fungus (Lair:6)
  3 plants (Lair:6)
627 creatures vanquished.

Vanquished Creatures (others)
  2 orc wizards (Orc:1)
  2 orcs (Orc:1)
  8 fungi
  21 plants (Lair:6)
33 creatures vanquished.

Grand Total: 660 creatures vanquished

Notes
Turn   | Place    | Note
-------+----------+-------------------------------------------
     0 | D:1      | Debik the Gargoyle Earth Elementalist began the quest for
                  | the Orb.
     0 | D:1      | Reached XP level 1. HP: 10/10 MP: 3/3
   215 | D:1      | Reached skill level 4 in Earth Magic
   247 | D:1      | Reached XP level 2. HP: 15/15 MP: 1/5
   856 | D:1      | Reached XP level 3. HP: 19/19 MP: 6/6
  1593 | D:2      | Learned a level 3 spell: Stone Arrow
  1745 | D:2      | Reached XP level 4. HP: 24/24 MP: 2/7
  2530 | D:3      | Reached skill level 5 in Earth Magic
  2831 | D:3      | Found a radiant altar of Vehumet.
  2921 | D:3      | Reached XP level 5. HP: 28/28 MP: 0/9
  3105 | D:3      | Found a stormy altar of Qazlal.
  3357 | D:3      | Became a worshipper of Vehumet
  3382 | D:4      | Noticed an ogre
  3390 | D:4      | Killed an ogre
  3391 | D:4      | Reached XP level 6. HP: 30/32 MP: 2/11
  3493 | D:4      | Learned a level 5 spell: Lee's Rapid Deconstruction
  3773 | D:4      | Noticed an eye of draining
  3775 | D:4      | Found a bloodstained altar of Trog.
  3775 | D:4      | Noticed an eye of draining
  3775 | D:4      | Noticed an eye of draining
  3788 | D:4      | Killed an eye of draining
  3788 | D:4      | Reached * piety under Vehumet
  3788 | D:4      | Offered knowledge of Freeze by Vehumet.
  3788 | D:4      | Reached skill level 6 in Earth Magic
  3795 | D:4      | Killed an eye of draining
  3795 | D:4      | Reached skill level 1 in Short Blades
  3795 | D:4      | Reached XP level 7. HP: 37/37 MP: 1/13
  3956 | D:4      | Found a blossoming altar of Fedhas.
  4064 | D:4      | Reached skill level 1 in Fighting
  4087 | D:4      | Reached skill level 5 in Spellcasting
  4087 | D:4      | Reached skill level 7 in Earth Magic
  4185 | D:4      | Found a hazy altar of Hepliaklqana.
  4717 | D:5      | Entered Level 5 of the Dungeon
  4722 | D:5      | Reached XP level 8. HP: 43/43 MP: 12/16
  4890 | D:5      | Noticed Edmund
  4953 | D:5      | Killed Edmund
  5211 | D:5      | Reached skill level 1 in Bows
  5211 | D:5      | Reached skill level 8 in Earth Magic
  5944 | D:6      | Offered knowledge of Searing Ray by Vehumet.
  5944 | D:6      | Reached XP level 9. HP: 30/48 MP: 7/18
  5949 | D:6      | Reached ** piety under Vehumet
  6157 | D:6      | Found a glowing golden altar of the Shining One.
  6216 | D:6      | Reached skill level 9 in Earth Magic
  6624 | D:6      | Found Jiwkumn's Antique Weapon Shop.
  6881 | D:6      | Found a runed translucent door.
  6882 | D:6      | Noticed Crazy Yiuf
  6960 | D:6      | Found a runed translucent gate.
  6961 | D:6      | Found a runed translucent gate.
  6961 | D:6      | Noticed magipi's ghost (novice GrHu)
  6962 | D:6      | Found a runed translucent gate.
  6968 | D:6      | Found a roughly hewn altar of Beogh.
  6969 | D:6      | Identified the +9 broad axe of the Shoals {drain, MR+
                  | Str+2}
  7105 | D:6      | Killed Crazy Yiuf
  7385 | D:7      | Noticed Prince Ribbit
  7583 | D:7      | Found an iron altar of Okawaru.
  7592 | D:7      | Noticed Menkaure
  7596 | D:7      | Reached skill level 10 in Earth Magic
  7599 | D:7      | Killed Menkaure
  7750 | D:7      | Found an ancient bone altar of Kikubaaqudgha.
  7811 | D:7      | Killed Prince Ribbit
  7828 | D:7      | Reached skill level 1 in Conjurations
  7974 | D:7      | Found a staircase to the Ecumenical Temple.
  8173 | D:8      | Reached XP level 10. HP: 54/54 MP: 14/21
  8311 | D:8      | Offered knowledge of Dazzling Flash by Vehumet.
  8388 | D:8      | Found a staircase to the Lair.
  8407 | D:8      | Found a shimmering blue altar of Sif Muna.
  8448 | D:8      | Noticed Maurice
  8454 | D:8      | Killed Maurice
  8584 | D:8      | Noticed a two-headed ogre
  8587 | D:8      | Killed a two-headed ogre
  8596 | D:8      | Reached skill level 11 in Earth Magic
  8700 | D:8      | Found a glowing silver altar of Zin.
  8700 | D:8      | Found a burning altar of Makhleb.
  8701 | D:8      | Noticed a cacodemon
  8701 | D:8      | Noticed an angel
  8772 | D:8      | Reached *** piety under Vehumet
  9005 | D:8      | Offered knowledge of Conjure Flame by Vehumet.
  9126 | D:8      | Noticed a two-headed ogre
  9136 | D:8      | Killed a two-headed ogre
  9290 | D:8      | Reached XP level 11. HP: 59/59 MP: 15/24
  9297 | D:8      | Reached skill level 1 in Staves
  9914 | D:9      | Reached **** piety under Vehumet
  9923 | D:9      | Reached skill level 12 in Earth Magic
  9990 | D:9      | Offered knowledge of Irradiate by Vehumet.
  9997 | D:9      | Learned a level 5 spell: Irradiate
 10002 | D:9      | Reached skill level 10 in Spellcasting
 10313 | D:9      | Found a flagged portal.
 10334 | Bailey   | Entered a bailey
 10805 | Bailey   | Reached ***** piety under Vehumet
 10822 | Bailey   | Offered knowledge of Ozocubu's Refrigeration by Vehumet.
 10879 | Bailey   | Noticed an orc knight
 10882 | Bailey   | Killed an orc knight
 10956 | Bailey   | Learned a level 3 spell: Mephitic Cloud
 11250 | D:9      | Found an ancient bone altar of Kikubaaqudgha.
 11306 | D:10     | Entered Level 10 of the Dungeon
 11616 | D:10     | Learned a level 6 spell: Freezing Cloud
 11699 | D:10     | Found a staircase to the Orcish Mines.
 11701 | D:10     | Noticed a two-headed ogre
 11706 | D:10     | Killed a two-headed ogre
 11706 | D:10     | Reached skill level 13 in Earth Magic
 11783 | D:10     | Found Oxzioloch's Antique Armour Emporium.
 11790 | D:10     | Bought a glowing scarf for 160 gold pieces
 12037 | D:10     | Found a transporter.
 12046 | D:10     | Found a transporter.
 12051 | D:10     | Noticed 1994's ghost (journeyman DrTm)
 12487 | Lair:1   | Entered Level 1 of the Lair of Beasts
 12747 | Lair:1   | Identified a scroll of acquirement
 12877 | Lair:1   | Learned a level 5 spell: Borgnjor's Vile Clutch
 12991 | Lair:1   | Reached XP level 12. HP: 64/64 MP: 17/27
 13098 | Lair:1   | Got a crude ring mail
 13109 | Lair:1   | Identified the +3 ring mail of Fun {rN+} (You found it on
                  | level 1 of the Lair of Beasts)
 13860 | Lair:2   | Reached skill level 14 in Earth Magic
 13922 | Lair:2   | Found a staircase to the Snake Pit.
 14117 | Lair:2   | You fall into a shaft and drop 2 floors!
 14178 | Lair:3   | Found a staircase to the Shoals.
 14924 | Lair:3   | Found a runed translucent gate.
 14925 | Lair:3   | Found a runed translucent gate.
 14926 | Lair:3   | Found a runed translucent gate.
 15527 | Lair:3   | Reached skill level 5 in Fighting
 15785 | Lair:3   | Noticed Uvul's ghost (journeyman OgWz)
 16369 | D:6      | Killed magipi's ghost
 17471 | Lair:5   | Noticed Nessos
 17478 | Lair:5   | Killed Nessos
 17634 | Lair:5   | Reached XP level 13. HP: 72/74 MP: 13/29
 17858 | Lair:5   | Reached skill level 15 in Earth Magic
 18429 | Lair:6   | Entered Level 6 of the Lair of Beasts
 18432 | Lair:6   | Reached skill level 1 in Necromancy
 19099 | Lair:6   | Reached skill level 1 in Shields
 19509 | Lair:6   | Found a viscous altar of Jiyva.
 19509 | Lair:6   | Found a staircase to the Slime Pits.
 19689 | Lair:6   | Found a runed translucent door.
 19690 | Lair:6   | Noticed an ice dragon
 19697 | Lair:6   | Offered knowledge of Iron Shot by Vehumet.
 19705 | Lair:6   | Learned a level 6 spell: Iron Shot
 19744 | Lair:6   | Killed an ice dragon
 20207 | Lair:6   | Noticed Snorg
 20215 | Lair:6   | Killed Snorg
 20238 | Lair:6   | Reached skill level 1 in Transmutations
 20415 | Lair:6   | Reached skill level 16 in Earth Magic
 20415 | Lair:6   | Gained mutation: Your large and strong wings let you fly
                  | indefinitely. [Gargoyle growth]
 20415 | Lair:6   | Reached XP level 14. HP: 76/84 MP: 21/31
 22082 | Orc:1    | Entered Level 1 of the Orcish Mines
 22092 | Orc:1    | Noticed a stone giant
 22264 | D:10     | Killed 1994's ghost
 22483 | Orc:1    | Killed a stone giant
 22483 | Orc:1    | Reached skill level 5 in Conjurations
 23022 | Orc:2    | Entered Level 2 of the Orcish Mines
 23022 | Orc:2    | Found a staircase to the Elven Halls.
 23049 | Orc:2    | Offered knowledge of Bolt of Magma by Vehumet.
 23393 | Orc:1    | Found Oloips's Antique Armour Boutique.
 23397 | Orc:1    | Reached ****** piety under Vehumet
 23399 | Orc:1    | HP: 2/86 [smoke demon/ball of steam[an orc high priest]
                  | (5)]
 23690 | Orc:1    | Found a roughly hewn altar of Beogh.
 24727 | Orc:2    | Found a runed translucent gate.
 24727 | Orc:2    | Found a runed translucent gate.
 24730 | Orc:2    | Found a runed translucent gate.
 24932 | Orc:2    | Noticed PirateVox's ghost (journeyman OgBe)
 25056 | Orc:2    | Reached skill level 17 in Earth Magic
 25072 | Orc:2    | Shot with a bolt by an orc knight

Illustrated notes

Levels and vault maps discovered:
D:1:      dpeg_arrival_pond, layout_loops_corners, serial_forest,
          infiniplex_forest_corner_1, infiniplex_forest_clump_long,
          infiniplex_forest_lined_room_3, infiniplex_forest_lined_3,
          infiniplex_forest_clump_cross, moated_statue
D:2:      layout_basic
D:3:      kennysheep_slugbush, layout_basic, fiery_altar_vehumet,
          nicolae_qazlal_general_emergency
D:4:      layout_basic, trog_eyes_of_draining, overflow_temple_1_default,
          first_ration, fedhas_altar_1
D:5:      layout_loops_ring, uniq_edmund
D:6:      layout_rooms, lemuel_round_altar, serial_shops,
          nicolae_shop_overgrown_old_shop, biasface_ghost_orc_armoury,
          uniq_crazy_yiuf_cottage
D:7:      layout_cave_pools, okawaru_trees_1, temple_doors_e, basic_altar,
          uniq_prince_ribbit1, uniq_menkaure
D:8:      layout_loops_cross, grunt_temple_overflow_order_and_chaos_2,
          kennysheep_mini_moat, lair_entry_dummy, grunt_livestock,
          kennysheep_kite_vault, uniq_maurice
D:9:      layout_roguey, nicolae_overflow_hidden_temple, enter_bailey_2,
          minmay_misc_feat_square
D:10:     layout_loops_ring, orc_0_dummy, serial_shops, shop_statue,
          gammafunk_ghost_hive
Lair:1:   layout_regular_city, grunt_megastairs_3, serial_bayou_shore_a
Lair:2:   layout_cave_pods, minmay_snake_entry_guardpost_small
Lair:3:   layout_regular_city, minmay_shoals_entry_centaurs,
          gammafunk_ghost_icy, minivault_11, serial_bayou_pond_d,
          infiniplex_staircase_pool_2
Lair:4:   layout_cave_pods
Lair:5:   layout_long_grid, uniq_nessos
Lair:6:   hangedman_lair_caniforms_friends, layout_small_grid, wormcave,
          dpeg_slime_entry_enclosed_altar, fungi_pond_lemuel, uniq_snorg
Orc:1:    layout_caves, basic_altar, serial_shops, shop_statue
Orc:2:    st_orc_pillars, layout_caves, ebering_ghost_rock_garden

Skill      XL: |  1  2  3  4  5  6  7  8  9 10 11 12 13 14 |
---------------+-------------------------------------------+-----
Earth Magic    | 4 5 6 7 8 10 11 13 14 16 17 | 17.0
Dodging        | 2 3 4 |  4.2
Spellcasting   | 3 4 5 6 7 9 11 12 13 14 | 14.2
Short Blades   | 1 2 |  2.3
Fighting       | 1 2 3 6 8 9 |  9.7
Stealth        | 3 4 |  4.6
Bows           | 2 4 |  4.8
Conjurations   | 1 2 3 4 5 |  5.7
Staves         | 1 |  1.7
Necromancy     | 1 2 |  2.2
Shields        | 1 2 |  2.2
Transmutations | 1 |  1.2
Axes           | |  0.4

Action                   |  1- 3 |  4- 6 |  7- 9 | 10-12 | 13-15 || total
-------------------------+-------+-------+-------+-------+-------++-------
Melee: Hand axe          |    29 |       |       |       |       ||    29
       Dagger            |       |    58 |    12 |       |       ||    70
       Staff             |       |       |       |    22 |    45 ||    67
 Fire: Shortbow          |       |       |   134 |       |       ||   134
 Cast: Sandblast         |    34 |    66 |   161 |   136 |   138 ||   535
       Stone Arrow       |     2 |     1 |    15 |   123 |   127 ||   268
       Lee's Rapid Decon |       |       |       |    64 |    64 ||   128
       Borgnjor's Vile C |       |       |       |     8 |    62 ||    70
       Irradiate         |       |       |       |     1 |    23 ||    24
       Iron Shot         |       |       |       |       |     1 ||     1
 Abil: Fly               |       |       |       |       |     1 ||     1
  Use: Scroll            |       |     7 |     7 |    11 |     7 ||    32
       Potion            |       |     1 |       |       |     5 ||     6
 Stab: Sleeping          |     2 |     2 |       |       |       ||     4
       Distracted        |       |       |     1 |       |       ||     1
  Eat: Chunk             |     3 |     7 |    10 |    32 |    28 ||    80
       Ration            |       |       |     1 |     3 |     3 ||     7
Armor: Robe              |    13 |    24 |    39 |    49 |    94 ||   219
Dodge: Dodged            |    25 |    30 |    63 |    57 |   111 ||   286
Block: Buckler           |       |       |       |    30 |    88 ||   118
       Reflection        |       |       |       |     6 |     5 ||    11

Table legend:
 A = Non-vault XP
 B = Vault XP
 C = Vault XP percentage of total XP
 D = Non-vault monster count
 E = Vault monster count
 F = Vault count percentage of total count
                 A         B        C        D         E       F
            +---------+---------+-------+---------+---------+-------
      Total |   45013 |   37053 |  45.2 |     403 |     220 |  35.3
            +---------+---------+-------+---------+---------+-------
        D:1 |      52 |       0 |   0.0 |      29 |       0 |   0.0
        D:2 |      54 |       0 |   0.0 |      20 |       0 |   0.0
        D:3 |      39 |      28 |  41.8 |      18 |       7 |  28.0
        D:4 |     595 |     380 |  39.0 |      23 |       5 |  17.9
        D:5 |     930 |     158 |  14.5 |      16 |       1 |   5.9
        D:6 |     818 |     928 |  53.2 |      27 |      13 |  32.5
        D:7 |    1041 |     445 |  29.9 |      18 |       2 |  10.0
        D:8 |    3019 |    2856 |  48.6 |      35 |      20 |  36.4
        D:9 |    1413 |       0 |   0.0 |      32 |       0 |   0.0
       D:10 |    4159 |    2020 |  32.7 |      28 |       9 |  24.3
     Lair:1 |    1507 |     528 |  25.9 |       9 |       2 |  18.2
     Lair:2 |    1908 |     646 |  25.3 |       8 |       4 |  33.3
     Lair:3 |    4279 |     220 |   4.9 |      20 |       2 |   9.1
     Lair:4 |    2300 |       0 |   0.0 |      14 |       0 |   0.0
     Lair:5 |    4035 |    1372 |  25.4 |      15 |       1 |   6.2
     Lair:6 |   10385 |   18298 |  63.8 |      34 |      74 |  68.5
      Orc:1 |    7476 |       0 |   0.0 |      50 |       0 |   0.0
      Orc:2 |    1003 |    7184 |  87.7 |       7 |      55 |  88.7
     Bailey |       0 |    1990 | 100.0 |       0 |      25 | 100.0
            +---------+---------+-------+---------+---------+-------
